 Dungeon Crawl Stone Soup version 0.22-a0-402-ga933591 (webtiles) character file.

422 Borgoz the Covered (level 6, -9/40 HPs)
             Began as a Gargoyle Fighter on May 7, 2018.
             Mangled by an ogre
             ... wielding a +0 giant spiked club
              (21 damage)
             ... on level 4 of the Dungeon.
             The game lasted 00:04:03 (2862 turns).

Borgoz the Covered (Gargoyle Fighter)               Turns: 2862, Time: 00:04:03

Health: -9/40      AC: 11    Str: 19    XL:     6   Next: 95%
Magic:  6/6        EV:  7    Int:  9    God:
Gold:   132        SH:  9    Dex: 11    Spells: 5/5 levels left

rFire    . . .     SeeInvis .   a - +0 flail
rCold    . . .     Gourm    .   c - +0 shield
rNeg     + . .     Faith    .   b - +0 scale mail
rPois    ∞         Spirit   .   (no helmet)
rElec    +         Reflect  .   (no cloak)
rCorr    .         Harm     .   (no gloves)
MR       +....                  (no boots)
Stlth    ..........             (no amulet)
HPRegen  0.13/turn              k - ring of protection from magic
MPRegen  0.10/turn              (no ring)

@: no status effects
A: negative energy resistance 1, electricity resistance, unbreathing,
petrification resistance, rot immunity, AC +4
a: no special abilities


You were on level 4 of the Dungeon.
You were very hungry.

You visited 1 branch of the dungeon, and saw 4 of its levels.

You collected 132 gold pieces.

Inventory:

Hand Weapons
 a - a +0 flail (weapon)
Armour
 b - a +0 scale mail (worn)
 c - a +0 shield (worn)
Jewellery
 k - a ring of protection from magic (left hand)
Scrolls
 e - a scroll of fear {unknown}
 g - a scroll of blinking {unknown}
 h - 2 scrolls of identify {unknown}
 i - 3 scrolls of noise {unknown}
 j - 2 scrolls of magic mapping {unknown}
 m - a scroll of fog {unknown}
 q - 2 scrolls of teleportation {unknown}
Potions
 d - a potion of might
 l - 3 potions of curing {unknown}
 n - a potion of magic {unknown}
 o - a potion of experience {unknown}
 p - a potion of flight {unknown}
 r - a potion of degeneration {unknown}
Comestibles
 f - 4 rations


   Skills:
 + Level 5.0 Fighting
 + Level 3.9 Maces & Flails
 + Level 5.0 Armour
 + Level 4.9 Shields


You had 5 spell levels left.
You didn't know any spells.

Dungeon Overview and Level Annotations

Branches:
Dungeon (4/15)
 Temple: D:4-7

Altars:
Dithmenos
Fedhas
Qazlal
Trog


Innate Abilities, Weirdness & Mutations

You are resistant to torment.
Your stone body is resilient. (AC +4)
You are immune to poison.
You resist negative energy. (rN+)
You are resistant to electric shocks. (rElec)
You can survive without breathing.
You are immune to petrification.
You are immune to rotting.


Message History

You closely miss the ogre. You block the ogre's attack.
You sock the ogre!
The ogre is heavily wounded.
You block the ogre's attack.
You closely miss the ogre.
The ogre is heavily wounded.
The ogre hits you with a giant spiked club!
You barely miss the ogre.
The ogre is heavily wounded.
The ogre hits you with a giant spiked club.
You are too injured to fight recklessly!
You hit the ogre.
The ogre is severely wounded.
The ogre hits you with a giant spiked club!
* * * LOW HITPOINT WARNING * * *
You hit the ogre.
The ogre is severely wounded.
The ogre hits you with a giant spiked club!!
Ouch! That really hurt!
You die...

############
#...@O......
#.##########
###'## #....#
.##....#
#######.##....#
........ #....#
#.....# #....#
#.....# #....#


You could see an ogre.

Vanquished Creatures
  Sigmund (D:4)
  The ghost of Curus the Changer, a weakling MfTm (D:3)
  2 orc priests (D:3)
  Jessica (D:2)
  5 adders
  A gnoll (D:1)
  4 worms
  3 dart slugs
  2 leopard geckos
  2 orcs (D:3)
  4 bats
  5 giant cockroaches
  8 goblins
  9 hobgoblins
  8 jackals
  9 kobolds
  A quokka (D:3)
  2 ball pythons (D:1)
  4 frilled lizards
  12 rats
  A fungus (D:1)
85 creatures vanquished.

Notes
Turn   | Place    | Note
-------+----------+-------------------------------------------
     0 | D:1      | Borgoz the Gargoyle Fighter began the quest for the Orb.
     0 | D:1      | Reached XP level 1. HP: 14/14 MP: 1/1
   235 | D:1      | Reached XP level 2. HP: 19/19 MP: 2/2
   446 | D:1      | Reached XP level 3. HP: 23/24 MP: 3/3
  1234 | D:2      | Noticed Jessica
  1243 | D:2      | Killed Jessica
  1243 | D:2      | Reached XP level 4. HP: 29/29 MP: 4/4
  1747 | D:2      | Reached XP level 5. HP: 29/33 MP: 5/5
  2100 | D:3      | Noticed Curus's ghost (weakling MfTm)
  2109 | D:3      | Killed Curus's ghost
  2249 | D:3      | Reached XP level 6. HP: 39/39 MP: 6/6
  2713 | D:3      | Found a shadowy altar of Dithmenos.
  2714 | D:3      | Found a bloodstained altar of Trog.
  2716 | D:3      | Found a blossoming altar of Fedhas.
  2718 | D:3      | Found a stormy altar of Qazlal.
  2822 | D:4      | Noticed Sigmund
  2838 | D:4      | Killed Sigmund
  2838 | D:4      | Reached skill level 5 in Fighting
  2838 | D:4      | Reached skill level 5 in Armour
  2862 | D:4      | Mangled by an ogre

Vault maps used:
D:1:      dpeg_cavernosity, patterned_corridor
D:2:      uniq_jessica
D:3:      minitemple
D:4:      first_ration, uniq_sigmund, uniq_robin

Skill      XL: |  1  2  3  4  5  6 |
---------------+-------------------+-----
Fighting       | 4 5 |  5.0
Armour         | 4 5 |  5.0
Shields        | 4 |  4.9
Maces & Flails | 3 |  3.9

Action                   |  1- 3 |  4- 6 || total
-------------------------+-------+-------++-------
Melee: Flail             |   147 |   205 ||   352
  Eat: Chunk             |     1 |     5 ||     6
Armor: Scale mail        |    70 |   105 ||   175
Dodge: Dodged            |    49 |    50 ||    99
Block: Shield            |    71 |    97 ||   168

Table legend:
 A = Spawn XP
 B = Non-spawn XP
 C = Spawn XP percentage of total XP
 D = Spawn monster count
 E = Non-spawn monster count
 F = Spawn count percentage of total count
 G = Total turns spent on level
                    A         B        C        D         E        F      G
               +---------+---------+-------+---------+---------+-------+---------
         Total |       0 |     603 |   0.0 |       0 |      84 |   0.0 |  2862
               +---------+---------+-------+---------+---------+-------+---------
           D:1 |       0 |      72 |   0.0 |       0 |      37 |   0.0 |  1145
           D:2 |       0 |     107 |   0.0 |       0 |      22 |   0.0 |   693
           D:3 |       0 |     216 |   0.0 |       0 |      24 |   0.0 |   956
           D:4 |       0 |     208 |   0.0 |       0 |       1 |   0.0 |    68
               +---------+---------+-------+---------+---------+-------+---------
